SL
WIZARDING AC RAVENCLAWS @ PHILADEPHIA 1776 BC
07/12/2019
 
TOP OF THE 1ST
Wizarding AC Ravenclaws batting - Pitching for Philadephia 1776 BC : RHP Robert Archer
Pitching: RHP Robert Archer
Batting: LHB Jerry Harris 0-0: Ball
1-0: Ball
2-0: Called Strike
2-1: Fly out, F9 (Line Drive, 9M)
Batting: LHB William Wise 0-0: Foul Ball, location: 2F
0-1: Foul Ball, location: 2F
0-2: Foul Ball, location: 2F
0-2: Foul Ball, location: 2F
0-2: Strikes out swinging
Batting: RHB Pedro Cruz 0-0: Foul Ball, location: 2F
0-1: Ball
1-1: Ball
2-1: Foul Ball, location: 2F
2-2: SINGLE (Line Drive, 8RS)
Batting: LHB Dave Lee 0-0: Ball
1-0: Called Strike
1-1: Swinging Strike
1-2: Strikes out swinging
Top of the 1st over - 0 run(s), 1 hit(s), 0 error(s), 1 left on base; Wizarding AC 0 - Philadephia 1776 0
BOTTOM OF THE 1ST
Philadephia 1776 BC batting - Pitching for Wizarding AC Ravenclaws : RHP Jackson Haines
Pitching: RHP Jackson Haines
Batting: LHB Manuel García 0-0: Ball
1-0: Ball
2-0: Called Strike
2-1: Ball
3-1: Foul Ball, location: 2F
3-2: Base on Balls
Batting: RHB Toshitsugu Sakamoto 0-0: Ball
1-0: Called Strike
1-1: Fly out, F6 (Popup, 56D)
Batting: LHB Chris Nelson 0-0: Ball
1-0: Foul Ball, location: 2F
1-1: Ball
2-1: Fly out, F7 (Line Drive, 78M)
Batting: RHB Chris Lowe 0-0: Ball
1-0: Ball
2-0: Ball
3-0: Base on Balls
Manuel García to second
Batting: RHB Brian O'Brian 0-0: SINGLE (Groundball, 56)
Manuel García to third
Chris Lowe to second
Runner from 3rd tries for Home, SAFE, no throw or cutoff
Batting: SHB Matt Morris 0-0: Ground out 6-3 (Groundball, 6)
Bottom of the 1st over - 1 run(s), 1 hit(s), 0 error(s), 2 left on base; Wizarding AC 0 - Philadephia 1776 1
TOP OF THE 2ND
Wizarding AC Ravenclaws batting - Pitching for Philadephia 1776 BC : RHP Robert Archer
Batting: LHB Walter Kirk 0-0: Called Strike
0-1: Foul Ball, location: 2F
0-2: Ball
1-2: Strikes out looking
Batting: RHB Pablo León 0-0: Swinging Strike
0-1: Ball
1-1: Ball
2-1: Ground out 5-3 (Groundball, 56)
Batting: RHB Juan Torres 0-0: Ball
1-0: Ball
2-0: Foul Ball, location: 2F
2-1: Foul Ball, location: 2F
2-2: Ball
3-2: SINGLE (Line Drive, 6MD)
Batting: LHB Stephen Baird 0-0: Fly out, F8 (Flyball, 8LXD)
Top of the 2nd over - 0 run(s), 1 hit(s), 0 error(s), 1 left on base; Wizarding AC 0 - Philadephia 1776 1
BOTTOM OF THE 2ND
Philadephia 1776 BC batting - Pitching for Wizarding AC Ravenclaws : RHP Jackson Haines
Batting: RHB Lúcio Montoya 0-0: Ball
1-0: Swinging Strike
1-1: Ball
2-1: SINGLE (Line Drive, 6)
Batting: RHB Manny Hernández 0-0: Ball
1-0: Ball
2-0: Ball
3-0: Called Strike
3-1: Base on Balls
Lúcio Montoya to second
Batting: RHB Robert Archer 0-0: Sac Bunt - play at third, runner OUT! 3-5
Manny Hernández to second
Batting: LHB Manuel García 0-0: Foul Ball, location: 2F
0-1: TRIPLE (Line Drive, 9LM)
Manny Hernández scores
Robert Archer scores
Batting: RHB Toshitsugu Sakamoto 0-0: Called Strike
0-1: Ball
1-1: SINGLE (Line Drive, 56)
Manuel García scores
Batting: LHB Chris Nelson 0-0: Ball
1-0: Ground out 4-3 (Groundball, 13)
Toshitsugu Sakamoto to second
Batting: RHB Chris Lowe 0-0: Fly out, F3 (Popup, 34)
Bottom of the 2nd over - 3 run(s), 3 hit(s), 0 error(s), 1 left on base; Wizarding AC 0 - Philadephia 1776 4
TOP OF THE 3RD
Wizarding AC Ravenclaws batting - Pitching for Philadephia 1776 BC : RHP Robert Archer
Batting: SHB Jackson Haines 0-0: Swinging Strike
0-1: Ball
1-1: Swinging Strike
1-2: Foul Ball, location: 2F
1-2: Ball
2-2: Ground out 4-3 (Groundball, 4)
Batting: LHB Jerry Harris 0-0: Ball
1-0: Ball
2-0: Foul Ball, location: 2F
2-1: Ball
3-1: Base on Balls
Batting: LHB William Wise 0-0: Ball
1-0: Ball
2-0: Ball
3-0: Called Strike
3-1: Base on Balls
Jerry Harris to second
Batting: RHB Pedro Cruz 0-0: Called Strike
0-1: Foul Ball, location: 2F
0-2: Ball
1-2: Ball
2-2: Hit by Pitch
Jerry Harris to third
William Wise to second
Batting: LHB Dave Lee 0-0: Swinging Strike
0-1: Foul Ball, location: 2F
0-2: Ball
1-2: SINGLE (Groundball, 4MD)
Jerry Harris scores
William Wise to third
Pedro Cruz to second
Runner from 3rd tries for Home, SAFE, no throw or cutoff
Batting: LHB Walter Kirk 0-0: Ball
1-0: Ball
Passed Ball!
Pedro Cruz to third
Dave Lee to second
2-0: Swinging Strike
2-1: Foul Ball, location: 2F
2-2: Foul Ball, location: 2F
2-2: SINGLE (Line Drive, 6D)
Pedro Cruz scores
Dave Lee to third
Batting: RHB Pablo León 0-0: Ball
1-0: Foul Ball, location: 2F
1-1: Called Strike
1-2: Foul Ball, location: 2F
1-2: Foul Ball, location: 2F
1-2: Strikes out looking
Batting: RHB Juan Torres 0-0: Foul Ball, location: 2F
0-1: Fly out, F9 (Flyball, 9S)
Top of the 3rd over - 3 run(s), 2 hit(s), 0 error(s), 2 left on base; Wizarding AC 3 - Philadephia 1776 4
BOTTOM OF THE 3RD
Philadephia 1776 BC batting - Pitching for Wizarding AC Ravenclaws : RHP Jackson Haines
Batting: RHB Brian O'Brian 0-0: Ball
1-0: Ball
2-0: Called Strike
2-1: Fly out, F9 (Popup, 34D)
Batting: SHB Matt Morris 0-0: Ball
1-0: Called Strike
1-1: Ball
2-1: SINGLE (Groundball, 34)
Batting: RHB Lúcio Montoya 0-0: Called Strike
0-1: Grounds into double play, 4-6-3 (Groundball, 4)
Bottom of the 3rd over - 0 run(s), 1 hit(s), 0 error(s), 0 left on base; Wizarding AC 3 - Philadephia 1776 4
TOP OF THE 4TH
Wizarding AC Ravenclaws batting - Pitching for Philadephia 1776 BC : RHP Robert Archer
Batting: LHB Stephen Baird 0-0: Ball
1-0: Foul Ball, location: 2F
Reached via error on a dropped throw, E1
Batting: SHB Jackson Haines 0-0: Sac Bunt - play at first, batter OUT! 1-4
Stephen Baird to second
Batting: LHB Jerry Harris 0-0: Ball
1-0: Called Strike
1-1: 2-RUN HOME RUN (Flyball, 9D), Distance : 395 ft
Batting: LHB William Wise 0-0: Ball
1-0: Ball
2-0: Swinging Strike
2-1: Foul Ball, location: 2F
2-2: Ball
3-2: Foul Ball, location: 2F
3-2: Base on Balls
Batting: RHB Pedro Cruz 0-0: Ball
1-0: Foul Ball, location: 2F
1-1: Foul Ball, location: 2F
1-2: Grounds into double play, 6-4-3 (Groundball, 6)
Top of the 4th over - 2 run(s), 1 hit(s), 1 error(s), 0 left on base; Wizarding AC 5 - Philadephia 1776 4
BOTTOM OF THE 4TH
Philadephia 1776 BC batting - Pitching for Wizarding AC Ravenclaws : RHP Jackson Haines
Batting: RHB Manny Hernández 0-0: Called Strike
0-1: Ball
1-1: Bunt for hit - play at first, batter OUT! 1-4
Pinch Hitting: RHB Yuji Ine 0-0: Ball
1-0: Called Strike
1-1: Swinging Strike
1-2: Foul Ball, location: 2F
1-2: Fly out, F7 (Flyball, 7D)
Batting: LHB Manuel García 0-0: Ball
1-0: SINGLE (Line Drive, 89S)
Batting: RHB Toshitsugu Sakamoto 0-0: Ball
Manuel García steals 2nd base
1-0: DOUBLE (Line Drive, 7LM)
Manuel García scores
Batting: LHB Chris Nelson 0-0: Called Strike
0-1: SINGLE (Line Drive, 8RS)
Toshitsugu Sakamoto to third
Runner from 3rd tries for Home, SAFE, no throw or cutoff
Pitching: RHP Dave Strong
Batting: RHB Chris Lowe 0-0: Ball
1-0: Ball
2-0: Foul Ball, location: 2F
2-1: Foul Ball, location: 2F
2-2: Foul Ball, location: 2F
2-2: Foul Ball, location: 2F
2-2: Strikes out swinging
Bottom of the 4th over - 2 run(s), 3 hit(s), 0 error(s), 1 left on base; Wizarding AC 5 - Philadephia 1776 6
TOP OF THE 5TH
Wizarding AC Ravenclaws batting - Pitching for Philadephia 1776 BC : RHP Robert Archer
Pitching: LHP Jason Dudley
Batting: LHB Dave Lee 0-0: Foul Ball, location: 2F
0-1: Ball
1-1: Ball
2-1: Foul Ball, location: 2F
2-2: Ball
3-2: SINGLE (Groundball, 34)
Batting: LHB Walter Kirk 0-0: Swinging Strike
0-1: Ball
1-1: Foul Ball, location: 2F
1-2: Strikes out swinging
Batting: RHB Pablo León 0-0: SINGLE (Groundball, 5D)
Dave Lee to second
Batting: RHB Juan Torres 0-0: Fly out, F7 (Flyball, 7M)
Batting: LHB Stephen Baird 0-0: Foul Ball, location: 2F
0-1: Ball
1-1: Fly out, F8 (Flyball, 8LS)
Top of the 5th over - 0 run(s), 2 hit(s), 0 error(s), 2 left on base; Wizarding AC 5 - Philadephia 1776 6
BOTTOM OF THE 5TH
Philadephia 1776 BC batting - Pitching for Wizarding AC Ravenclaws : RHP Dave Strong
Batting: RHB Brian O'Brian 0-0: Hit by Pitch
Batting: SHB Matt Morris 0-0: Ball
1-0: Ball
Brian O'Brian is caught stealing 2nd base
2-0: Ground out 4-3 (Groundball, 4M)
Batting: RHB Lúcio Montoya 0-0: Hit by Pitch
Batting: RHB Manny Hernández 0-0: Called Strike
0-1: Reached on error, E4 (Groundball, 4)
Lúcio Montoya to second
Pinch Hitting: LHB Rubén Alte 0-0: Ball
1-0: Ball
2-0: Called Strike
2-1: Foul Ball, location: 2F
2-2: SINGLE (Groundball, 34D)
Lúcio Montoya to third
Manny Hernández to second
Runner from 3rd tries for Home, SAFE, throw made at trailing runner, SAFE at third!
Batting: LHB Manuel García 0-0: TRIPLE (Flyball, 8LXD)
Manny Hernández scores
Rubén Alte scores
Batting: RHB Toshitsugu Sakamoto 0-0: Ball
1-0: Ball
2-0: Ball
3-0: Base on Balls
Batting: LHB Chris Nelson 0-0: Ball
1-0: Foul Ball, location: 2F
1-1: 3-RUN HOME RUN (Flyball, 89XD), Distance : 408 ft
Batting: RHB Chris Lowe 0-0: Called Strike
0-1: Foul Ball, location: 2F
0-2: Ball
1-2: Ball
2-2: Ground out 5-3 (Groundball, 5)
Bottom of the 5th over - 6 run(s), 3 hit(s), 1 error(s), 0 left on base; Wizarding AC 5 - Philadephia 1776 12
TOP OF THE 6TH
Wizarding AC Ravenclaws batting - Pitching for Philadephia 1776 BC : LHP Jason Dudley
Pitching: RHP Paul Clark
Pinch Hitting: RHB Kyle Wilson 0-0: Ball
1-0: Foul Ball, location: 2F
1-1: Ground out 3-1 (Groundball, 3L)
Batting: LHB Jerry Harris 0-0: Ball
1-0: Ball
2-0: Foul Ball, location: 2F
2-1: Ball
3-1: Foul Ball, location: 2F
3-2: Base on Balls
Batting: LHB William Wise 0-0: Ball
1-0: Foul Ball, location: 2F
1-1: Called Strike
1-2: Fielders Choice at 2nd, 4-6 (Groundball, 4)
Batting: RHB Pedro Cruz 0-0: Called Strike
0-1: Ball
1-1: Foul Ball, location: 2F
1-2: Foul Ball, location: 2F
1-2: Fly out, F4 (Popup, 4M)
Top of the 6th over - 0 run(s), 0 hit(s), 0 error(s), 1 left on base; Wizarding AC 5 - Philadephia 1776 12
BOTTOM OF THE 6TH
Philadephia 1776 BC batting - Pitching for Wizarding AC Ravenclaws : RHP Dave Strong
Pitching: RHP Connor Dale
Batting: RHB Brian O'Brian 0-0: Ball
1-0: Swinging Strike
1-1: Ball
2-1: Swinging Strike
2-2: Ball
3-2: Ground out 5-3 (Groundball, 5L)
Batting: SHB Matt Morris 0-0: Swinging Strike
0-1: Foul Ball, location: 2F
0-2: Strikes out looking
Batting: RHB Lúcio Montoya 0-0: Foul Ball, location: 2F
0-1: Called Strike
0-2: Strikes out swinging
Bottom of the 6th over - 0 run(s), 0 hit(s), 0 error(s), 0 left on base; Wizarding AC 5 - Philadephia 1776 12
TOP OF THE 7TH
Wizarding AC Ravenclaws batting - Pitching for Philadephia 1776 BC : RHP Paul Clark
Batting: LHB Dave Lee 0-0: Foul Ball, location: 2F
0-1: Ball
1-1: Ball
2-1: Ground out 1-3 (Groundball, 13)
Batting: LHB Walter Kirk 0-0: Called Strike
0-1: Ball
1-1: Foul Ball, location: 2F
1-2: Ball
2-2: Strikes out swinging
Batting: RHB Pablo León 0-0: Called Strike
0-1: Ground out U3 (Groundball, 3S)
Top of the 7th over - 0 run(s), 0 hit(s), 0 error(s), 0 left on base; Wizarding AC 5 - Philadephia 1776 12
BOTTOM OF THE 7TH
Philadephia 1776 BC batting - Pitching for Wizarding AC Ravenclaws : RHP Connor Dale
Batting: RHB Manny Hernández 0-0: Ball
1-0: Called Strike
1-1: Fly out, F8 (Flyball, 8RM)
Pinch Hitting: LHB John Boone 0-0: DOUBLE (Flyball, 7D)
Batting: LHB Manuel García 0-0: Ball
1-0: Ball
2-0: SINGLE (Groundball, 34D)
John Boone to third
Runner from 3rd tries for Home, throw and OUT!
Batting: RHB Toshitsugu Sakamoto 0-0: Called Strike
0-1: Swinging Strike
0-2: Ball
1-2: Ball
2-2: Strikes out swinging
Bottom of the 7th over - 0 run(s), 2 hit(s), 0 error(s), 1 left on base; Wizarding AC 5 - Philadephia 1776 12
TOP OF THE 8TH
Wizarding AC Ravenclaws batting - Pitching for Philadephia 1776 BC : RHP Paul Clark
Pitching: LHP Michael Campbell
Batting: RHB Juan Torres 0-0: Foul Ball, location: 2F
0-1: Ball
1-1: Foul Ball, location: 2F
1-2: Foul Ball, location: 2F
1-2: Fly out, F4 (Popup, 4)
Batting: LHB Stephen Baird 0-0: Called Strike
0-1: Ball
1-1: SINGLE (Line Drive, 9M)
Pinch Hitting: RHB Manuel González 0-0: Ball
1-0: Called Strike
1-1: Grounds into double play, 5-4-3 (Groundball, 5L)
Top of the 8th over - 0 run(s), 1 hit(s), 0 error(s), 0 left on base; Wizarding AC 5 - Philadephia 1776 12
BOTTOM OF THE 8TH
Philadephia 1776 BC batting - Pitching for Wizarding AC Ravenclaws : RHP Connor Dale
Pitching: RHP Joe Benítez
Batting: LHB Chris Nelson 0-0: Foul Ball, location: 2F
0-1: SINGLE (Line Drive, 8LS)
Batting: RHB Chris Lowe 0-0: Called Strike
0-1: Foul Ball, location: 2F
0-2: Foul Ball, location: 2F
0-2: Ball
1-2: Ball
2-2: Strikes out looking
Batting: RHB Brian O'Brian 0-0: Called Strike
0-1: Called Strike
0-2: Grounds into double play, 6-4-3 (Groundball, 6)
Bottom of the 8th over - 0 run(s), 1 hit(s), 0 error(s), 0 left on base; Wizarding AC 5 - Philadephia 1776 12
TOP OF THE 9TH
Wizarding AC Ravenclaws batting - Pitching for Philadephia 1776 BC : LHP Michael Campbell
Batting: LHB Jerry Harris 0-0: Foul Ball, location: 2F
0-1: Called Strike
0-2: Foul Ball, location: 2F
0-2: Ball
1-2: Strikes out looking
Batting: LHB William Wise 0-0: Ball
1-0: Ball
2-0: Swinging Strike
2-1: Swinging Strike
2-2: Ground out 6-3 (Groundball, 6M)
Batting: RHB Pedro Cruz 0-0: Ball
1-0: Foul Ball, location: 2F
1-1: Ground out 6-3 (Groundball, 6)
Top of the 9th over - 0 run(s), 0 hit(s), 0 error(s), 0 left on base; Wizarding AC 5 - Philadephia 1776 12
This league is powered by Out of the Park Baseball, the baseball management simulation game for PC, Mac and Linux
Saturday, July 25th, 2015 - OOTP Baseball 15.6 Build 34